 Dungeon Crawl Stone Soup version 0.26.0-41-g79a4fc7684 (webtiles) character file.

Game seed: 5098764336171224463

60 littlecub the Chopper (level 3, -10/28 HPs)
             Began as a Demonspawn Gladiator on Jan 26, 2021.
             Killed by divine providence
             ... invoked by an orc priest
              (13 damage)
             ... on level 3 of the Dungeon.
             The game lasted 00:03:06 (2040 turns).

littlecub the Chopper (Demonspawn Gladiator)        Turns: 2040, Time: 00:03:07

Health: -10/28     AC: 14    Str: 15    XL:     3   Next: 82%
Magic:  3/3        EV:  5    Int:  9    God:
Gold:   92         SH:  0    Dex: 14    Spells: 2/2 levels left

rFire    . . .     SeeInvis .   l - +2 whip (vamp)
rCold    . . .     Faith    .   (no shield)
rNeg     . . .     Spirit   .   m - +0 plate armour
rPois    .         Reflect  .   k - +0 helmet
rElec    .         Harm     .   p - +1 cloak
rCorr    .         Rampage  .   o - +0 pair of gloves
Will     .....                  (no boots)
Stlth    ..........             (no amulet)
HPRegen  0.09/turn              (no ring)
MPRegen  0.08/turn              (no ring)

@: no status effects
A: demonic guardian 1
a: no special abilities


You were on level 3 of the Dungeon.
You visited 1 branch of the dungeon, and saw 3 of its levels.

You collected 92 gold pieces.

Inventory:

Hand Weapons
 a - a +0 war axe
 l - a +2 vampiric whip (weapon)
Missiles
 d - 4 throwing nets
 e - 97 stones (quivered)
Armour
 k - a +0 helmet (worn)
 m - a +0 plate armour (worn)
 o - a +0 pair of gloves (worn)
 p - a +1 cloak (worn)
Scrolls
 f - 2 scrolls of identify {unknown}
 h - a scroll of enchant armour {unknown}
 i - 3 scrolls of remove curse {unknown}
 n - a scroll of amnesia {unknown}
Potions
 b - a potion of degeneration {unknown}
 c - 2 potions of curing {unknown}
 g - a potion of flight {unknown}
 j - a potion of heal wounds {unknown}


   Skills:
 * Level 2.9 Fighting
 - Level 3.3 Axes
 + Level 0.2(2.0) Maces & Flails
 - Level 1.7 Throwing
 + Level 1.0 Armour
 + Level 3.0 Dodging


You had 2 spell levels left.
You didn't know any spells.
Your spell library was empty.

Dungeon Overview and Level Annotations

Branches:
Dungeon (3/15)

Altars:


Innate Abilities, Weirdness & Mutations

A weak demonic guardian rushes to your aid.


Message History

You are too injured to fight recklessly!
You are too injured to fight recklessly!
You closely miss the orc priest.
The orc priest is severely wounded.
The orc priest calls down the wrath of Beogh upon you.
Beogh smites you!
* * * LOW HITPOINT WARNING * * *
You hear a shout!
You barely miss the orc priest.
The orc priest is severely wounded.
The orc priest barely misses you.
An orc comes into view. It is wielding a +0 war axe.
You hit the orc priest.
You feel better.
The orc priest is severely wounded.
The orc priest barely misses you.
You hit the orc priest.
The orc priest is almost dead.
The orc priest mumbles some strange prayers to Beogh against you.
Beogh smites you!
You die...

###
#<#
#5#
#@#
#o#
#.#
#.#
#.#
#o#
...
###


You could see an orc priest, an orc and a friendly white imp (summoned).

Vanquished Creatures
  An adder (D:2)
  An ufetubus (D:2)
  An ooze (D:1)
  2 dart slugs
  5 giant cockroaches
  6 hobgoblins
  2 jackals (D:1)
  8 kobolds
  2 bats
  3 frilled lizards
  7 rats (D:1)
38 creatures vanquished.

Notes
Turn   | Place    | Note
-------+----------+-------------------------------------------
     0 | D:1      | littlecub the Demonspawn Gladiator began the quest for the
                  | Orb.
     0 | D:1      | Reached XP level 1. HP: 16/16 MP: 1/1
   215 | D:1      | Gained mutation: A weak demonic guardian rushes to your
                  | aid. [demonic ancestry]
   215 | D:1      | Reached XP level 2. HP: 12/22 MP: 2/2
  1015 | D:1      | Reached XP level 3. HP: 28/28 MP: 3/3
  1840 | D:2      | Reached skill level 1 in Armour
  2040 | D:3      | Killed from afar by an orc priest

Illustrated notes

Levels and vault maps discovered:
D:1:      dpeg_arrival_water_fire, layout_basic, chequers_decorated_corner,
          minivault_14
D:2:      layout_basic
D:3:      layout_basic, minmay_misc_feat_room, minmay_fountain_box,
          uniq_grinder, uniq_natasha, uniq_crazy_yiuf_cottage

Skill      XL: |  1  2  3 |
---------------+----------+-----
Axes           | 3 |  3.3
Armour         | 1 |  1.0
Dodging        | 3 |  3.0
Fighting       | |  2.9
Maces & Flails | |  0.2
Throwing       | |  1.7

Action                   || total
-------------------------++-------
Melee: War axe           ||    34
       Whip              ||   122
 Stab: Sleeping          ||     1
Armor: Leather armour    ||    10
       Ring mail         ||    42
       Plate armour      ||    11
Dodge: Dodged            ||    98
